 Dungeon Crawl Stone Soup version 0.17-a0-1718-g72dbe4d (webtiles) character file.

642767 wvc the Intangible (level 26, 0/155 HPs)
             Began as a Spriggan Artificer on Aug 23, 2015.
             Was the Champion of Okawaru.
             Slain by an emperor scorpion (9 damage)
             ... summoned by a greater mummy
             ... on level 7 of a ziggurat on Aug 24, 2015.
             The game lasted 04:54:24 (78232 turns).

wvc the Intangible (Spriggan Artificer)            Turns: 78232, Time: 04:54:24

Health: 0/155      AC: 38    Str: 16    XL:     26   Next: 53%
Magic:  0/41       EV: 25    Int: 25    God:    Okawaru [******]
Gold:   5773       SH: 12    Dex: 18    Spells: 9 memorised, 10 levels left

rFire  + + +     SeeInvis +     r - +11 rapier "Esaff" {venom, +Inv rF+ Dex+6 Stlth+}
rCold  + + +     Rnd*Rage +     O - +8 storm dragon armour of the Will of the Gods {*Drain rElec rF+ rC+ Str+7}
rNeg   + . .     SustAt   .     M - +2 buckler "Koleun" {rPois Str+4 Dex-5 Slay+5}
rPois  +         Gourm    .     G - -2 hat of the Alchemist {rElec rPois rF+ rC+ rN+ MR+ rMut rCorr}
rElec  +         Spirit   +     N - +2 cloak {rPois}
rCorr  +         Warding  .     (gloves unavailable)
rMut   +         Stasis   .     (boots unavailable)
MR     +++++                    e - amulet of guardian spirit
Stlth  +.........               w - +5 ring of slaying
                                v - ring of Wysyxefi {*Drain rC+ MR+ AC+4 Int+3}

@: flayed, very slightly contaminated, repel missiles, drained, very quick,
almost entirely resistant to hostile enchantments, very unstealthy
A: unfitting armour, antennae 1, iridescent scales 1, rough black scales 1, thin
skeletal structure 1, see invisible, berserk 1, clumsy 2, herbivore 3, speed 3,
slow healing 1, slow metabolism 2, spit poison 3, weak 1
a: Breathe Poison Gas, Heroism, Finesse, Renounce Religion, Evoke Invisibility
}: 5/15 runes: barnacled, slimy, silver, abyssal, gossamer


You were on level 7 of a ziggurat.
You worshipped Okawaru.
Okawaru was exalted by your worship.
You were full.

You visited 10 branches of the dungeon, and saw 55 of its levels.
You visited the Abyss 1 time.
You visited 1 ziggurat, and saw 7 of its levels.
You also visited: Labyrinth, Ice Cave and Wizlab.

You collected 8784 gold pieces.
You spent 2951 gold pieces at shops.

Inventory:

Hand weapons
 r - the +11 rapier "Esaff" (weapon) {venom, +Inv rF+ Dex+6 Stlth+}
   (You found it on level 3 of the Elven Halls)

   It poisons the flesh of those it strikes.
   It affects your dexterity (+6).
   It protects you from fire.
   It lets you turn invisible.
   It makes you more stealthy.
 D - a +9 quick blade of flaming
 X - a +9 double sword of holy wrath
Missiles
 h - 1568 stones (quivered)
Armour
 d - the +3 buckler of the Accordion {*Corrode rElec rC++ Slay+2}
   (You took it off an ironheart preserver on level 1 of the Vaults)

   It affects your accuracy and damage with ranged weapons and melee attacks
   (+2).
   It greatly protects you from cold.
   It insulates you from electricity.
   It may corrode your equipment when you take damage.
 G - the -2 hat of the Alchemist (worn) {rElec rPois rF+ rC+ rN+ MR+ rMut rCorr}
   (You found it on level 3 of the Elven Halls)

   It protects you from fire.
   It protects you from cold.
   It insulates you from electricity.
   It protects you from poison.
   It protects you from negative energy.
   It affects your resistance to hostile enchantments.
   It protects you from acid and corrosion.
   It protects you from mutation.
 M - the +2 buckler "Koleun" (worn) {rPois Str+4 Dex-5 Slay+5}
   (You found it on level 6 of a ziggurat)

   It affects your strength (+4).
   It affects your dexterity (-5).
   It affects your accuracy and damage with ranged weapons and melee attacks
   (+5).
   It protects you from poison.
 N - a +2 cloak of poison resistance (worn)
 O - the +8 storm dragon armour of the Will of the Gods (worn) {*Drain rElec rF+ rC+ Str+7}
   (You acquired it on level 3 of the Elven Halls)

   It affects your strength (+7).
   It protects you from fire.
   It protects you from cold.
   It insulates you from electricity.
   It causes draining when unequipped.
 V - a +4 troll leather armour
Jewellery
 e - an amulet of guardian spirit (around neck)
 g - the ring "Qecraote" {rF+ rC+ Int+4 Dex+5}
   (You found it on level 3 of the Abyss)

   [ring of dexterity]

   It affects your intelligence (+4).
   It affects your dexterity (+5).
   It protects you from fire.
   It protects you from cold.
 l - the ring "Pubut" {rElec rC- Str+4 Dex+5 Stlth+}
   (You found it on level 4 of the Shoals)

   [ring of strength]

   It affects your strength (+4).
   It affects your dexterity (+5).
   It makes you vulnerable to cold.
   It insulates you from electricity.
   It makes you more stealthy.
 m - an uncursed ring of sustain attributes
 q - an uncursed ring of wizardry
 s - an uncursed amulet of regeneration
 v - the ring of Wysyxefi (left hand) {*Drain rC+ MR+ AC+4 Int+3}
   (You found it on level 5 of the Vaults)

   [ring of protection]

   It affects your AC (+4).
   It affects your intelligence (+3).
   It protects you from cold.
   It affects your resistance to hostile enchantments.
   It causes draining when unequipped.
 w - a +5 ring of slaying (right hand)
 y - an uncursed ring of protection from magic
Magical devices
 k - a wand of heal wounds (5)
 o - a wand of digging (4)
 z - a wand of teleportation (4)
 R - a wand of teleportation (7)
Scrolls
 p - 3 scrolls of immolation
 u - 26 scrolls of remove curse
 x - 13 scrolls of amnesia
 B - 7 scrolls of recharging
 E - 8 scrolls of magic mapping
 H - 9 scrolls of identify
 J - 8 scrolls of enchant armour
 L - 3 scrolls of enchant weapon
 S - 9 scrolls of teleportation
 T - 2 scrolls of blinking
 U - 7 scrolls of fog
 W - 3 scrolls of silence
 Z - a scroll of holy word
Potions
 a - 5 potions of agility
 b - 2 potions of ambrosia
 c - 4 potions of invisibility
 i - 17 potions of curing
 j - 8 potions of flight
 n - 4 potions of cancellation
 A - a potion of might
 C - 9 potions of brilliance
 F - 4 potions of resistance
 I - 2 potions of haste
 K - 2 potions of berserk rage
 Q - 6 potions of magic
Miscellaneous
 t - a phial of floods
 P - a legendary deck of changes {drawn: 1}
Comestibles
 f - 19 bread rations


   Skills:
 + Level 21.2(21.0) Fighting
 - Level 12.0(16.9) Short Blades
 - Level 15.6(16.3) Long Blades
 * Level 15.0(14.9) Armour
 O Level 27(26.8) Dodging
 - Level 1.5(1.4) Stealth
 - Level 12.0(11.9) Shields
 * Level 13.8(13.7) Spellcasting
 + Level 7.3 Hexes
 + Level 10.0(9.9) Charms
 + Level 2.0(1.9) Necromancy
 * Level 12.6(12.5) Air Magic
 - Level 3.0(2.9) Invocations
 - Level 4.0(3.9) Evocations


You had 10 spell levels left.
You knew the following spells:

 Your Spells              Type           Power        Failure   Level  Hunger
b - Regeneration          Chrm/Necr      #####.....   10%         3    None
c - Spectral Weapon       Hex/Chrm       ######..     1%          3    None
d - Tornado               Air            ######....   100%        9    #######
e - Apportation           Tloc           ###.......   30%         1    None
f - Deflect Missiles      Chrm/Air       ######....   41%         6    #####..
g - Controlled Blink      Tloc           N/A          100%        7    ######.
h - Haste                 Chrm           ######..     78%         6    #####..
i - Phase Shift           Tloc           ###.......   100%        5    ##.....
j - Repel Missiles        Chrm/Air       ######       1%          2    None


Dungeon Overview and Level Annotations

Branches:
Dungeon (15/15)            Temple (1/1) D:4            Lair (8/8) D:10
 Shoals (4/4) Lair:6       Spider (4/4) Lair:4        Slime (6/6) Lair:6
    Orc (4/4) D:10            Elf (3/3) Orc:3        Vaults (5/5) D:13
  Crypt (0/3) Vaults:2     Depths (5/5) D:15            Zot (0/5) Depths:5

Altars:
Ashenzari
Cheibriados
Dithmenos
Elyvilon
Fedhas
Gozag
Kikubaaqudgha
Makhleb
Nemelex Xobeh
Okawaru
Qazlal
Ru
Sif Muna
Trog
Vehumet
Xom
Yredelemnul
Zin
The Shining One
Beogh
Lugonu

Shops:
D:8 !   D:15 [   Orc:1 *   Orc:3 :   Orc:4 =}=?   Elf:1 *   Depths:1 %
Depths:5 (

Portals:
Hell: Depths:1 Depths:2 Depths:3 Depths:4 Depths:5
Abyss: Depths:1 Depths:4 Depths:5
Pandemonium: Depths:2 Depths:3 Depths:4
Trove: Depths:3 (give 18 potions of curing)

Annotations:
D:4 Alipheese's ghost, experienced NaFi; Grinder
D:6 Prince Ribbit
D:9 exclusion: ice statue
Lair:8 exclusion: 2 oklob plants
Elf:2 1 runed door
Depths:5 Krapule's ghost, great SpEn


Innate Abilities, Weirdness & Mutations

You are tiny and cannot use many weapons and most armour.
You have supernaturally acute eyesight.
You are a herbivore.
You cover ground extremely quickly.
You need consume almost no food.
You have a pair of small antennae on your head.
You are partially covered in iridescent scales (AC +4).
You are partially covered in rough black scales (AC +4, Dex -1).
You have a somewhat thin skeletal structure (Dex +2, Stealth).
You tend to lose your temper in combat.
You are very clumsy. (Dex -4)
You heal slowly when monsters are visible.
You can exhale a cloud of poison.
You are weak. (Str -2)


Message History

You block the emperor scorpion's attack.
The emperor scorpion claws you.
* * * LOW HITPOINT WARNING * * *
The emperor scorpion completely misses you.
Evoke which item? (* to show all) (? for menu, Esc to quit)
Okay, then.
The caustic shrike skeleton barely misses you.
There is a gate leading back out of this place here.
You see here a papyrus book.
Are you sure you want to leave this ziggurat?
The caustic shrike skeleton completely misses you.
The vampire mumbles some strange words.
The vampire flickers and vanishes for a moment.
You block the greater mummy's attack. You block the jiangshi's attack.
The jiangshi closely misses you.
The emperor scorpion closely misses you.
The emperor scorpion claws you!
* * * LOW HITPOINT WARNING * * *
The emperor scorpion claws you!
You die...

▓▓▓▓▓▓▓▓▓▓▓
▓▓.........▓▓
▓▓.........ZW▓
▓▓......§§..ZZV▓▓
▓▓......≈≈§§WS8M@▓▓
▓.∩.....≈8§§VMMZss▓
▓▓......≈≈§§WWBW∩▓▓
▓▓.........WWMZ▓▓
▓▓.......WWSW▓▓
▓▓........V▓▓
▓▓▓▓▓▓▓▓▓▓


You could see 2 greater mummies, 2 emperor scorpions, a mummy priest, 2
jiangshi, a flayed ghost, 2 shadow wraiths, a phantasmal warrior, 2 mana vipers,
an ushabti, a freezing wraith, a spectral spriggan, a hungry ghost, a vampire
(invisible), a wraith, a death scarab, 3 shadows, a mummy, a golden dragon
skeleton, a stone giant skeleton, a frost giant skeleton and a caustic shrike
skeleton.

Vanquished Creatures
  the royal jelly (Slime:6)
  Mara (Vaults:2)
  Mennas (Vaults:2)
  Sojobo (Depths:1)
  Boris (Vaults:4)
  Saint Roka (Vaults:4)
  4 caustic shrikes
  Nikola (Spider:1)
  The ghost of Noname the Tortoise, a great DsGl of Yredelemnul (Depths:5)
  5 golden dragons
  A profane servitor (Abyss:3)
  Xtahua (Vaults:5)
  A Brimstone Fiend (Zig:2)
  A Hellbinder (WizLab)
  6 tentacled monstrosities
  An Ice Fiend (IceCv)
  Rupert (Orc:2)
  5 liches
  2 quicksilver dragons (Vaults:5)
  4 titans (Vaults:5)
  3 deep elf blademasters
  2 deep elf master archers (Elf:3)
  11 acid blobs
  4 sphinxes
  The ghost of kae the Minotaur Blade, a mighty MiFi of Qazlal (Elf:2)
  A sphinx (shapeshifter) (Vaults:5)
  An Executioner (Abyss:1)
  13 tentacled starspawn
  3 azure jellies
  Kirke (Spider:1)
  6 tengu reavers
  5 shadow dragons
  7 storm dragons
  Ilsuiw (Shoals:4)
  A daeva (Abyss:4)
  7 fire giants
  Wiglaf (Vaults:4)
  3 balrugs
  Donald (Spider:1)
  15 frost giants
  20 vault wardens
  Maud (D:9)
  8 deep elf sorcerers
  A cacodemon (Abyss:1)
  Aizul (Vaults:4)
  Louise (Spider:1)
  4 ghost moths (Spider:4)
  2 iron dragons
  2 angels
  11 ironheart preservers
  7 emperor scorpions
  2 war gargoyles
  A spriggan defender (Depths:5)
  2 caustic shrike skeletons
  15 very ugly things
  2 ophanim
  9 deep elf demonologists
  A vampire knight (Depths:3)
  A lorocyproca (Abyss:4)
  Nessos (Lair:6)
  2 bennus (Zig:6)
  19 stone giants
  A white draconian (Depths:5)
  8 deep elf annihilators
  2 yellow draconians (Depths:5)
  2 blizzard demons (WizLab)
  A salamander stormcaller (Vaults:5)
  A black draconian (Depths:5)
  An eidolon (Abyss:3)
  45 vault guards
  3 death oozes (Slime:6)
  15 ettins
  4 merfolk javelineers (Shoals:4)
  A minotaur (Lab)
  3 green deaths (WizLab)
  10 deep elf death magi
  6 merfolk impalers (Shoals:4)
  A quicksilver dragon zombie (Depths:3)
  2 deep elf high priests
  Josephine (Orc:4)
  15 great orbs of eyes
  7 fire dragons
  21 yaktaur captains
  11 entropy weavers
  5 rakshasas
  Fannar (D:10)
  An entropy weaver (shapeshifter) (Depths:3)
  A quicksilver dragon skeleton (Depths:2)
  14 ice dragons
  7 centaur warriors
  4 catoblepae
  17 large abominations
  3 hydras
  A naga warrior (Abyss:4)
  Erica (D:9)
  A merfolk avatar (Shoals:1)
  15 death yaks
  6 spriggan air magi
  16 dancing weapons (Elf:2)
  5 satyrs
  3 merfolk aquamancers (Shoals:4)
  7 tengu warriors
  20 ogre magi
  10 deep troll shamans
  10 thrashing horrors
  A titan zombie (Depths:3)
  5 soul eaters
  A vampire mage (D:15)
  2 spriggan berserkers (Depths:3)
  An orc high priest (Orc:3)
  Urug (Orc:2)
  11 deep troll earth magi
  6 hell hogs
  Nergalle (Orc:1)
  3 iron trolls
  26 deep elf knights
  A titan skeleton (Depths:3)
  5 ice devils
  9 wretched stars
  39 skeletal warriors
  2 sun demons (WizLab)
  10 hell knights
  2 fire crabs (Vaults:3)
  11 sea snakes
  2 shadow wraiths
  2 spatial maelstroms
  5 giant orange brains
  A sea snake (shapeshifter) (Depths:3)
  A golden dragon zombie (Depths:3)
  A storm dragon skeleton (Depths:2)
  5 unseen horrors
  6 flayed ghosts
  A gelid demonspawn (Depths:4)
  5 wizards
  A torturous demonspawn (Depths:4)
  11 deep elf summoners
  A shadow dragon zombie (Abyss:3)
  2 ice statues (IceCv)
  29 deep trolls
  17 ironbrand convokers
  29 harpies
  2 phantasmal warriors (Vaults:5)
  4 golden dragon skeletons (Depths:2)
  14 orc knights
  A hill giant (shapeshifter) (Depths:4)
  2 anubis guards (Zig:6)
  2 orc sorcerers
  10 necromancers
  2 hornets (shapeshifter)
  9 hill giants
  16 orb spiders
  2 oklob plants
  A lindwurm (Lair:8)
  16 deep elf conjurers
  4 tengu skeletons
  2 stone giant zombies
  6 water nymphs
  14 griffons
  42 ugly things
  14 hornets
  A frost giant zombie (Depths:3)
  2 salamanders (shapeshifter)
  2 moths of wrath (Spider:3)
  5 shining eyes
  12 cyclopes
  7 manticores
  11 fauns
  25 wolf spiders
  4 worldbinders
  A water nymph (shapeshifter) (Vaults:2)
  3 black mambas
  2 sphinx skeletons
  A moth of wrath (shapeshifter) (Elf:1)
  A human skeleton (Vaults:2)
  3 elephants (Lair:7)
  7 sirens
  3 frost giant skeletons
  4 fire giant skeletons
  3 eyes of devastation
  2 rust devils
  A stone giant skeleton (Abyss:4)
  Joseph (D:7)
  An elf zombie (Depths:1)
  3 orange demons
  2 apocalypse crabs (Abyss:4)
  19 vault sentinels
  2 gargoyles
  A hellion (Abyss:4)
  A guardian serpent (Abyss:4)
  12 spiny frogs
  2 torpor snails
  6 smoke demons
  5 spectral swamp worms (Depths:1)
  3 ancient zymes
  63 yaktaurs
  A dire elephant skeleton (Abyss:3)
  2 spriggan skeletons (Depths:2)
  5 freezing wraiths
  11 demonic crawlers
  A silent spectre (Abyss:3)
  4 fire drakes
  7 komodo dragons
  4 guardian mummies (Zig:6)
  5 tengu conjurers
  4 kobold demonologists
  13 blue devils
  A wolf spider simulacrum (D:14)
  An efreet (Abyss:3)
  24 jumping spiders
  12 deep elf priests
  16 trolls
  A blink frog (shapeshifter) (Depths:3)
  A wind drake (shapeshifter) (Depths:1)
  A two-headed ogre (shapeshifter) (Vaults:4)
  31 two-headed ogres
  16 merfolk
  3 wind drakes (Shoals:4)
  A queen bee (Abyss:4)
  A polar bear (Lair:7)
  A troll (shapeshifter) (Abyss:3)
  7 snapping turtles
  A trapdoor spider zombie (D:13)
  12 raiju
  59 slime creatures
  11 boulder beetles
  A boulder beetle (shapeshifter) (Vaults:5)
  23 blink frogs
  An ice dragon zombie (D:15)
  A spriggan zombie (D:15)
  A centaur simulacrum (D:14)
  27 trapdoor spiders
  A trapdoor spider (shapeshifter) (Vaults:3)
  9 wraiths
  8 air elementals
  A spriggan (shapeshifter) (Vaults:5)
  3 shadows
  4 ynoxinuls
  51 redbacks
  16 flying skulls
  A spriggan (Depths:3)
  2 ettin skeletons (Depths:2)
  12 water elementals
  4 wyverns
  26 deep elf magi
  2 vampires
  24 small abominations
  15 tarantellas
  59 deep elf fighters
  6 basilisks
  6 chaos spawn
  28 yaks
  19 hippogriffs
  2 hogs (shapeshifter)
  A fire bat (Abyss:1)
  Grum (Lair:1)
  A fire elemental (D:14)
  13 golden eyes
  A mottled dragon (Vaults:2)
  25 vampire mosquitoes
  A human (D:13)
  2 nagas (Abyss:4)
  2 hogs (Spider:1)
  3 hungry ghosts
  16 wolves
  A yak (shapeshifter) (Depths:4)
  Menkaure (D:7)
  A human simulacrum (Vaults:1)
  A mottled dragon (shapeshifter) (Depths:3)
  12 water moccasins
  A human zombie (Depths:3)
  10 wargs
  6 neqoxecs
  3 insubstantial wisps (Abyss:2)
  2 merfolk zombies
  2 soldier ants
  2 spatial vortices (Abyss:4)
  A phantom (D:10)
  17 porcupines
  A sky beast (D:4)
  A black bear (D:11)
  3 eyes of draining
  37 orc warriors
  28 spiders
  A necrophage (D:10)
  An eye of draining (shapeshifter) (Abyss:4)
  4 wasps
  An ettin simulacrum (Vaults:2)
  8 centaurs
  8 boggarts
  77 ogres
  A big kobold (D:13)
  7 crocodiles
  5 elf skeletons
  8 ice beasts
  2 brain worms
  A giant frog (shapeshifter) (Depths:3)
  An earth elemental (D:14)
  A wyvern zombie (D:11)
  17 giant frogs
  A yaktaur skeleton (Depths:1)
  A gnoll sergeant (D:8)
  4 scorpions
  A water moccasin skeleton (D:6)
  13 wights
  A wyvern skeleton (D:9)
  13 killer bees
  5 crimson imps
  16 jellies
  7 centaur skeletons
  26 orc priests
  11 starcursed masses
  3 electric eels
  4 centaur zombies
  4 giant frog skeletons
  34 orc wizards
  7 quasits
  5 hounds
  7 iron imps
  13 worker ants
  7 iguanas
  30 sheep
  A hound zombie (D:8)
  4 mummies
  4 hound skeletons
  99 river rats
  12 gnolls
  17 adders
  9 white imps
  5 shadow imps
  12 ufetubi
  3 oozes (Lair:6)
  An ooze (shapeshifter) (Depths:2)
  An adder zombie (D:8)
  8 worms
  4 giant geckos
  166 orcs
  6 hobgoblins
  9 jackals
  11 kobolds
  9 quokkas
  A ball python (D:6)
  14 bats
  6 giant cockroaches
  11 goblins
  12 rats
  3 crawling corpses (Vaults:5)
  A fire vortex (Vaults:5)
  A macabre mass (Abyss:3)
  4 plants
  17 starspawn tentacles
2802 creatures vanquished.

Vanquished Creatures (collateral kills)
  A pearl dragon (Zig:3)
  A centaur (D:5)
  An orc priest (D:7)
3 creatures vanquished.

Vanquished Creatures (others)
  2 tengu reavers
  A vault warden (Vaults:5)
  A draconian knight (Depths:5)
  A war gargoyle (Vaults:5)
  A deep elf high priest (Elf:3)
  A wizard (D:15)
  A sixfirhy (Abyss:3)
  An apocalypse crab (Abyss:3)
  A demonic crawler (Spider:3)
  A deep elf mage (Elf:1)
  A tarantella (Spider:1)
  2 humans (Spider:1)
  4 deep elf fighters
  A boggart (Vaults:3)
  An ogre (Depths:1)
  2 killer bees (Abyss:4)
  A tengu skeleton (Zig:2)
  A human simulacrum (Vaults:1)
  An orc wizard (D:7)
  A small abomination (Abyss:3)
  3 white imps
  An ufetubus (IceCv)
  2 orcs
  12 fungi
  A lurking horror (Abyss:3)
  20 plants
  2 spectral weapons (Elf:2)
  20 starspawn tentacles
  89 starspawn tentacle segments
176 creatures vanquished.

Grand Total: 2981 creatures vanquished

Notes
Turn   | Place    | Note
--------------------------------------------------------------
     0 | D:1      | wvc the Spriggan Artificer began the quest for the Orb.
     0 | D:1      | Reached XP level 1. HP: 9/9 MP: 4/4
   331 | D:1      | Reached XP level 2. HP: 10/14 MP: 6/6
   410 | D:1      | Reached skill level 1 in Fighting
   984 | D:2      | Found a blossoming altar of Fedhas.
   992 | D:2      | Found a shattered altar of Ashenzari.
  1200 | D:2      | Reached skill level 5 in Dodging
  1200 | D:2      | Reached XP level 3. HP: 16/18 MP: 7/7
  1210 | D:2      | Found a shimmering altar of Xom.
  1236 | D:2      | Found a burning altar of Makhleb.
  1361 | D:2      | Reached XP level 4. HP: 20/22 MP: 8/8
  1407 | D:2      | Reached skill level 6 in Dodging
  1483 | D:2      | Found an iron altar of Okawaru.
  1537 | D:2      | Became a worshipper of Warmaster Okawaru
  2189 | D:2      | Reached XP level 5. HP: 25/25 MP: 9/9
  2639 | D:3      | Found a blossoming altar of Fedhas.
  3033 | D:4      | Reached XP level 6. HP: 28/30 MP: 10/10
  3086 | D:4      | Reached skill level 5 in Short Blades
  3097 | D:4      | Found a staircase to the Ecumenical Temple.
  3104 | Temple   | Entered the Ecumenical Temple
  3261 | D:4      | Noticed Alipheese's ghost (experienced NaFi)
  3305 | D:4      | Noticed Grinder
  3341 | D:4      | Acquired Okawaru's first power
  3609 | D:4      | Noticed a sky beast
  3662 | D:4      | Killed a sky beast
  3662 | D:4      | Reached XP level 7. HP: 33/33 MP: 11/11
  3703 | D:4      | Reached skill level 7 in Short Blades
  4013 | D:5      | Entered Level 5 of the Dungeon
  4091 | D:5      | Reached skill level 8 in Short Blades
  4499 | D:5      | Reached skill level 9 in Short Blades
  4849 | D:6      | Reached XP level 8. HP: 37/37 MP: 12/12
  5177 | D:6      | Found a snail-covered altar of Cheibriados.
  5330 | D:6      | Noticed Prince Ribbit
  5840 | D:7      | Noticed Joseph
  5860 | D:7      | Killed Joseph
  5860 | D:7      | Reached skill level 10 in Short Blades
  5934 | D:7      | Reached skill level 11 in Short Blades
  5958 | D:7      | Found a sacrificial altar of Ru.
  6341 | D:7      | Noticed Menkaure
  6348 | D:7      | Killed Menkaure
  6698 | D:8      | Reached XP level 9. HP: 41/41 MP: 11/13
  6824 | D:8      | Reached skill level 1 in Invocations
  6891 | D:8      | Reached skill level 12 in Short Blades
  6961 | D:8      | Reached skill level 1 in Shields
  7184 | D:8      | Found Soddousafo's Distillery.
  7187 | D:8      | Bought a potion of might for 48 gold pieces
  7187 | D:8      | Bought a potion of haste for 120 gold pieces
  7187 | D:8      | Bought a potion of agility for 48 gold pieces
  7187 | D:8      | Bought a potion of curing for 36 gold pieces
  7187 | D:8      | Bought a potion of curing for 36 gold pieces
  7187 | D:8      | Bought a potion of cancellation for 96 gold pieces
  7932 | D:9      | Noticed an ice statue
  8091 | D:9      | Found a deep blue altar of Sif Muna.
  8410 | D:9      | Noticed Erica
  8422 | D:9      | Killed Erica
  8422 | D:9      | Acquired Okawaru's second power
  8422 | D:9      | Reached XP level 10. HP: 49/49 MP: 14/14
  8525 | D:10     | Entered Level 10 of the Dungeon
  8525 | D:10     | Noticed Fannar
  8565 | D:10     | Found a staircase to the Lair.
  8567 | D:10     | Killed Fannar
  8567 | D:10     | Reached skill level 10 in Dodging
  8645 | D:10     | Received a gift from Okawaru
  8718 | D:10     | Noticed a hill giant
  8736 | D:10     | Killed a hill giant
  9011 | D:10     | Found a staircase to the Orcish Mines.
  9227 | D:10     | You fall through a shaft for 3 floors!
  9378 | D:10     | Noticed Maud
  9658 | D:9      | Killed Maud
  9658 | D:9      | Reached skill level 5 in Shields
  9658 | D:9      | Reached XP level 11. HP: 52/54 MP: 8/15
  9684 | Lair:1   | Entered Level 1 of the Lair of Beasts
 10070 | Lair:1   | Reached skill level 13 in Dodging
 10124 | Lair:1   | Reached skill level 5 in Fighting
 10220 | Lair:1   | Noticed Grum
 10233 | Lair:1   | Killed Grum
 10594 | Lair:2   | Gained mutation: You can spit weak poison. [potion of beneficial mutation]
 11075 | Lair:2   | Received a gift from Okawaru
 11244 | Lair:2   | Reached skill level 14 in Dodging
 12518 | Lair:3   | Reached XP level 12. HP: 55/60 MP: 13/16
 12835 | Lair:3   | Identified a scroll of acquirement
 12836 | Lair:3   | Got a steaming rapier
 12837 | Lair:3   | Identified the +8 rapier of the Pyrrhic Victory {pierce, +Fly MR++ Int-5} (You acquired it on level 3 of the Lair of Beasts)
 12972 | Lair:3   | Reached skill level 15 in Dodging
 13020 | Lair:4   | Found a hole to the Spider Nest.
 14141 | Lair:4   | Reached skill level 16 in Dodging
 14760 | Lair:5   | Reached skill level 17 in Dodging
 15101 | Lair:6   | Found a labyrinth entrance.
 15112 | Lab      | Entered a labyrinth
 15580 | Lab      | Noticed a minotaur
 15600 | Lab      | Killed a minotaur
 15600 | Lab      | Received a gift from Okawaru
 15604 | Lab      | Got a shimmering robe {god gift}
 15618 | Lab      | Identified the +1 robe of Purpose {rC+} (Okawaru gifted it to you in a labyrinth)
 15695 | Lab      | Learned a level 7 spell: Orb of Destruction
 15767 | Lair:6   | Noticed Nessos
 15767 | Lair:6   | Noticed an eight-headed hydra
 15774 | Lair:6   | Found a staircase to the Shoals.
 15796 | Lair:6   | Reached skill level 1 in Spellcasting
 15839 | Lair:6   | Killed Nessos
 15839 | Lair:6   | Reached XP level 13. HP: 63/68 MP: 17/17
 15895 | Lair:6   | Got a polished lajatang
 15896 | Lair:6   | Identified the +1 lajatang "Deururat" {slice, rF- Dex+8} (You found it on level 6 of the Lair of Beasts)
 15920 | Lair:6   | Killed an eight-headed hydra
 16078 | Lair:6   | Found a staircase to the Slime Pits.
 16524 | Lair:7   | Reached skill level 18 in Dodging
 16607 | Lair:7   | Got a brightly glowing steel ring
 16610 | Lair:7   | Identified the ring "Aggiarid" {rElec rC+ Dex+5} (You found it on level 7 of the Lair of Beasts)
 17466 | Lair:7   | Received a gift from Okawaru
 17469 | Lair:7   | Got a jewelled cloak {god gift}
 17491 | Lair:7   | Identified the +0 cloak "Igats" {+Inv Regen+ Int-2 SInv} (Okawaru gifted it to you on level 7 of the Lair of Beasts)
 17697 | Lair:8   | Entered Level 8 of the Lair of Beasts
 18469 | Lair:8   | Reached skill level 19 in Dodging
 19620 | Lair:8   | Reached skill level 5 in Spellcasting
 19659 | Lair:8   | Reached skill level 10 in Fighting
 19666 | Lair:8   | Received a gift from Okawaru
 19686 | Lair:8   | Reached XP level 14. HP: 45/77 MP: 13/22
 19775 | Lair:8   | Reached skill level 20 in Dodging
 20323 | Lair:8   | Learned a level 2 spell: Shroud of Golubria
 20327 | Lair:8   | Learned a level 3 spell: Regeneration
 20331 | Lair:8   | Learned a level 3 spell: Spectral Weapon
 20514 | Lair:8   | Received a gift from Okawaru
 21377 | Lair:4   | Reached skill level 1 in Hexes
 21521 | Orc:1    | Entered Level 1 of the Orcish Mines
 21525 | Orc:1    | Found Nybapt's General Store.
 21572 | Orc:1    | Bought a scroll of enchant weapon for 97 gold pieces
 21572 | Orc:1    | Bought a scroll of identify for 26 gold pieces
 21898 | Orc:1    | Reached skill level 1 in Charms
 22134 | Orc:2    | Noticed Urug
 22151 | Orc:2    | Killed Urug
 22227 | Orc:2    | Found a roughly hewn altar of Beogh.
 22246 | Orc:2    | Noticed Nergalle
 22298 | Orc:1    | Killed Nergalle
 22522 | Orc:3    | Found a staircase to the Elven Halls.
 22749 | Orc:3    | Received a gift from Okawaru
 23328 | Orc:3    | Found Axoren's Book Shop.
 23568 | Orc:2    | Noticed Rupert
 23605 | Orc:2    | Killed Rupert
 23976 | Orc:4    | Entered Level 4 of the Orcish Mines
 24156 | Orc:4    | Noticed Josephine
 24170 | Orc:4    | Killed Josephine
 24302 | Orc:4    | Found Xonkaaty's Jewellery Boutique.
 24303 | Orc:4    | Found Wuzxeatt's Jewellery Shop.
 24527 | Orc:4    | Found Seohek's Magic Scroll Shoppe.
 24572 | Orc:4    | Received a gift from Okawaru
 24577 | Orc:4    | Found Enujeunt's Gadget Boutique.
 24618 | Orc:4    | Reached skill level 21 in Dodging
 24669 | Orc:4    | Bought a scroll of blinking for 97 gold pieces
 24669 | Orc:4    | Bought a scroll of blinking for 97 gold pieces
 24669 | Orc:4    | Bought 3 scrolls of magic mapping for 136 gold pieces
 25342 | D:11     | Noticed a yaktaur captain
 25352 | D:11     | Killed a yaktaur captain
 25669 | D:11     | Noticed an unseen horror
 25688 | D:11     | Killed an unseen horror
 25688 | D:11     | Reached skill level 1 in Armour
 25795 | D:11     | Noticed a skeletal warrior
 25796 | D:11     | Noticed a skeletal warrior
 25797 | D:11     | Noticed a skeletal warrior
 25797 | D:11     | Noticed a skeletal warrior
 25798 | D:11     | Noticed a hill giant
 25799 | D:11     | Noticed a skeletal warrior
 25817 | D:11     | Killed a skeletal warrior
 25817 | D:11     | Reached XP level 15. HP: 64/84 MP: 21/27
 25848 | D:11     | Received a gift from Okawaru
 25865 | D:11     | Killed a hill giant
 25901 | D:11     | Killed a skeletal warrior
 26004 | D:11     | Killed a skeletal warrior
 26021 | D:11     | Killed a skeletal warrior
 26037 | D:11     | Killed a skeletal warrior
 26124 | D:11     | Learned a level 9 spell: Tornado
 26131 | D:11     | Noticed a cyclops
 26136 | D:11     | Killed a cyclops
 26182 | D:11     | Found a radiant altar of Vehumet.
 26689 | D:12     | Noticed a hill giant
 26701 | D:12     | Killed a hill giant
 26903 | D:12     | Noticed a hill giant
 26911 | D:12     | Killed a hill giant
 27147 | D:12     | Reached skill level 5 in Charms
 27161 | D:12     | Noticed a cyclops
 27183 | D:12     | Killed a cyclops
 27184 | D:12     | Reached skill level 1 in Air Magic
 27217 | D:12     | Noticed a cyclops
 27242 | D:12     | Killed a cyclops
 27290 | D:12     | Noticed a hill giant
 27299 | D:12     | Killed a hill giant
 27312 | D:12     | Noticed a deep elf conjurer
 27416 | D:12     | Killed a deep elf conjurer
 27919 | D:13     | Noticed a vault guard
 27919 | D:13     | Noticed a vault guard
 27931 | D:13     | Noticed a centaur warrior
 27944 | D:13     | Killed a centaur warrior
 28038 | D:13     | Noticed a purple ugly thing
 28046 | D:13     | Killed a purple ugly thing
 28089 | D:13     | Noticed a vault guard
 28094 | D:13     | Noticed a wizard
 28103 | D:13     | Killed a wizard
 28133 | D:13     | Killed a vault guard
 28160 | D:13     | Killed a vault guard
 28169 | D:13     | Found a gate to the Vaults.
 28169 | D:13     | Noticed a vault guard
 28170 | D:13     | Noticed a vault guard
 28181 | D:13     | Killed a vault guard
 28190 | D:13     | Killed a vault guard
 28217 | D:13     | Killed a vault guard
 28224 | D:13     | Reached skill level 5 in Hexes
 28344 | D:13     | Noticed an unseen horror
 28359 | D:13     | Killed an unseen horror
 28359 | D:13     | Received a gift from Okawaru
 28423 | D:13     | Reached skill level 22 in Dodging
 28752 | D:14     | Found a shadowy altar of Dithmenos.
 29355 | D:14     | Found a large runed door.
 29356 | D:14     | Found a large runed door.
 29739 | D:15     | Entered Level 15 of the Dungeon
 29769 | D:15     | Found Mian's Antique Armour Shop.
 29944 | D:15     | Found a bloodstained altar of Trog.
 30068 | D:15     | Found a staircase to the Depths.
 30105 | D:15     | Reached XP level 16. HP: 83/91 MP: 25/29
 30220 | D:15     | Received a gift from Okawaru
 30801 | Spider:1 | Entered Level 1 of the Spider Nest
 31101 | Spider:1 | Noticed Kirke
 31123 | Spider:1 | Killed Kirke
 31292 | Spider:1 | Noticed Donald
 31319 | Spider:1 | Killed Donald
 31444 | Spider:1 | Noticed Louise
 31459 | Spider:1 | Killed Louise
 31786 | Spider:1 | Noticed Nikola
 31939 | Spider:1 | Received a gift from Okawaru
 31940 | Spider:1 | Got an ichor-stained cloak {god gift}
 32020 | Spider:1 | Killed Nikola
 32020 | Spider:1 | Reached skill level 23 in Dodging
 32591 | Spider:2 | Identified the +0 cloak of Lifelessness {+Inv rCorr Dex-5 Stlth+} (Okawaru gifted it to you on level 1 of the Spider Nest)
 33706 | Spider:3 | Identified a +4 rod of ignition (13/13) (You found it on level 3 of the Spider Nest)
 33850 | Spider:4 | Entered Level 4 of the Spider Nest
 34178 | Spider:3 | Reached skill level 10 in Spellcasting
 34265 | Spider:4 | Received a gift from Okawaru
 34325 | Spider:4 | Reached skill level 5 in Air Magic
 34563 | Spider:4 | Received a gift from Okawaru
 34571 | Spider:4 | Reached XP level 17. HP: 85/98 MP: 27/32
 34684 | Spider:4 | Reached skill level 24 in Dodging
 34690 | Spider:4 | Reached skill level 15 in Fighting
 36135 | Spider:4 | Got a gossamer rune of Zot
 36301 | Spider:4 | Reached skill level 5 in Armour
 36761 | Elf:1    | Entered Level 1 of the Elven Halls
 36781 | Elf:1    | Found Giarek's General Store.
 36790 | Elf:1    | Bought a scroll of identify for 34 gold pieces
 36790 | Elf:1    | Bought a scroll of identify for 34 gold pieces
 36790 | Elf:1    | Bought a bread ration for 85 gold pieces
 37251 | Elf:1    | Noticed a Brimstone Fiend
 37328 | Elf:1    | Reached skill level 25 in Dodging
 37458 | Elf:1    | Received a gift from Okawaru
 38117 | Elf:2    | Found a frozen archway.
 38127 | IceCv    | Entered an ice cave
 38454 | IceCv    | Noticed an Ice Fiend
 38473 | IceCv    | Killed an Ice Fiend
 38578 | IceCv    | Received a gift from Okawaru
 38948 | Elf:2    | Found a runed door.
 39000 | Elf:2    | Found a runed door.
 39088 | Elf:2    | Reached XP level 18. HP: 66/105 MP: 20/33
 39271 | Elf:3    | Entered Level 3 of the Elven Halls
 39658 | Elf:3    | Got a pitted storm dragon armour
 39659 | Elf:3    | Identified the +8 storm dragon armour of the Will of the Gods {*Drain rElec rF+ rC+ Str+7} (You acquired it on level 3 of the Elven Halls)
 39995 | Elf:3    | Got a warped scimitar
 39996 | Elf:3    | Identified the +6 scimitar of Tender Mercy {venom, MR+ Int+3} (You took it off a deep elf mage on level 3 of the Elven Halls)
 40146 | Elf:3    | Reached skill level 26 in Dodging
 40317 | Elf:3    | Received a gift from Okawaru
 40718 | Elf:3    | Noticed a Brimstone Fiend
 40789 | Elf:3    | Got a bloodstained rapier
 40790 | Elf:3    | Identified the +11 rapier "Esaff" {venom, +Inv rF+ Dex+6 Stlth+} (You found it on level 3 of the Elven Halls)
 41355 | Elf:3    | Identified the Catalogue of the Entourage and Self-Improvement
 41358 | Elf:3    | Identified the Papyrus of Attacks
 41458 | Elf:3    | Snupthedog: ебать, сколько я сюда не заходил.
 41458 | Elf:3    | Snupthedog: аж глаза режет!
 41458 | Elf:3    | wvc: о, зацени
 41458 | Elf:3    | wvc: Цельносприггановый Алхимик
 41782 | Shoals:1 | Entered Level 1 of the Shoals
 42256 | Shoals:1 | Upgraded the game from 0.17-a0-1714-g35622ae to 0.17-a0-1718-g72dbe4d
 42593 | Shoals:2 | Received a gift from Okawaru
 42880 | Shoals:4 | Entered Level 4 of the Shoals
 43125 | Shoals:4 | Learned a level 1 spell: Apportation
 43274 | Shoals:4 | Reached XP level 19. HP: 50/111 MP: 14/34
 43538 | Shoals:4 | Got a barnacled rune of Zot
 43730 | Shoals:4 | Reached skill level 10 in Shields
 43737 | Shoals:4 | Received a gift from Okawaru
 43894 | Shoals:4 | Got a scorched copper ring
 43896 | Shoals:4 | Identified the ring "Pubut" {rElec rC- Str+4 Dex+5 Stlth+} (You found it on level 4 of the Shoals)
 44319 | Shoals:4 | Noticed Ilsuiw
 44365 | Shoals:4 | Killed Ilsuiw
 45074 | Vaults:1 | Entered Level 1 of the Vaults
 45603 | Orc:3    | Bought a book of Enchantments for 550 gold pieces
 45603 | Orc:3    | Bought an Akashic Record for 1214 gold pieces
 45613 | Orc:3    | Learned a level 6 spell: Deflect Missiles
 45621 | Orc:3    | Learned a level 7 spell: Controlled Blink
 45628 | Orc:3    | Learned a level 6 spell: Haste
 46039 | Vaults:1 | Received a gift from Okawaru
 46976 | Vaults:1 | Got a bloodstained buckler
 46987 | Vaults:1 | Identified the +3 buckler of the Accordion {*Corrode rElec rC++ Slay+2} (You took it off an ironheart preserver on level 1 of the Vaults)
 47506 | Vaults:2 | Received a gift from Okawaru
 47859 | Vaults:2 | Reached XP level 20. HP: 102/116 MP: 30/35
 48308 | Vaults:2 | Found a staircase to the Crypt.
 48448 | Vaults:2 | Noticed Mara
 48452 | Vaults:2 | Noticed wvc's illusion
 48750 | Vaults:2 | Killed Mara
 48771 | Vaults:2 | Noticed Mennas
 48838 | Vaults:2 | Killed Mennas
 49242 | Vaults:2 | Received a gift from Okawaru
 49890 | Vaults:3 | Reached skill level 1 in Long Blades
 50697 | Vaults:3 | Reached skill level 5 in Long Blades
 51387 | Vaults:4 | Received a gift from Okawaru
 51505 | Vaults:4 | Reached XP level 21. HP: 102/121 MP: 37/37
 51732 | Vaults:4 | Noticed Aizul
 51759 | Vaults:4 | Killed Aizul
 51917 | Vaults:4 | Noticed Saint Roka
 52251 | Vaults:4 | Killed Saint Roka
 52280 | Vaults:4 | Noticed Wiglaf
 52303 | Vaults:4 | Killed Wiglaf
 52694 | Vaults:4 | Received a gift from Okawaru
 52717 | Vaults:4 | Noticed Boris
 52881 | Vaults:4 | Reached skill level 10 in Long Blades
 53352 | Vaults:4 | Killed Boris
 54186 | Depths:1 | Entered Level 1 of the Depths
 54399 | Depths:1 | Found Vadaurav's Food Shoppe.
 54462 | D:15     | Received a gift from Okawaru
 54465 | D:15     | Got a polished falchion {god gift}
 54466 | D:15     | Identified the +2 falchion of Kubybon {pain, rF- Int+7} (Okawaru gifted it to you on level 15 of the Dungeon)
 55085 | Depths:1 | Bought a slice of pizza for 16 gold pieces
 55085 | Depths:1 | Bought a bread ration for 55 gold pieces
 55085 | Depths:1 | Bought a bread ration for 55 gold pieces
 55085 | Depths:1 | Bought a bread ration for 55 gold pieces
 55085 | Depths:1 | Bought a slice of pizza for 16 gold pieces
 55125 | Depths:1 | Found a gateway to Hell.
 55175 | Depths:1 | Noticed Sojobo
 55223 | Depths:1 | Killed Sojobo
 55593 | Depths:1 | Found a one-way gate to the infinite horrors of the Abyss.
 55660 | Depths:1 | Found a corrupted altar of Lugonu.
 56287 | Depths:2 | Received a gift from Okawaru
 56316 | Depths:2 | Got a shimmering quick blade {god gift}
 56317 | Depths:2 | Identified the +5 quick blade of Rotation {venom, rElec rPois rF-} (Okawaru gifted it to you on level 2 of the Depths)
 56514 | Depths:2 | Reached XP level 22. HP: 92/127 MP: 33/38
 56872 | Depths:2 | Learned a level 5 spell: Phase Shift
 57260 | Depths:2 | Found a one-way gate leading to the halls of Pandemonium.
 57484 | Depths:3 | Found a portal to a secret trove of treasure.
 57560 | Depths:3 | Received a gift from Okawaru
 58075 | Depths:3 | Found a gateway to a ziggurat.
 58203 | Depths:3 | Reached skill level 15 in Long Blades
 58249 | Depths:3 | Received a gift from Okawaru
 58305 | Depths:3 | Got an ancient quick blade {god gift}
 58306 | Depths:3 | Identified the +6 quick blade "Paqur" {flame, Int+3} (Okawaru gifted it to you on level 3 of the Depths)
 59454 | Depths:3 | Received a gift from Okawaru
 59670 | Depths:3 | Reached XP level 23. HP: 58/132 MP: 27/39
 59959 | Depths:3 | Identified the Incunabulum of Necromancy and Aid
 60657 | Depths:4 | Found a magical portal.
 60665 | WizLab   | Entered The Hall of Varuenn the Hellbinder
 61036 | WizLab   | Received a gift from Okawaru
 61304 | WizLab   | Found a burning altar of Makhleb.
 61346 | WizLab   | Identified the Almanac of Companions and Displacement
 61372 | WizLab   | Identified the Handbook of the Escort
 61553 | Depths:4 | Reached skill level 27 in Dodging
 62103 | Depths:4 | Reached skill level 10 in Armour
 63231 | Depths:4 | Received a gift from Okawaru
 64325 | Elf:2    | Noticed kae's ghost (mighty MiFi)
 64360 | Elf:2    | Killed kae's ghost
 65420 | Vaults:5 | Entered Level 5 of the Vaults
 65433 | Vaults:5 | Reached XP level 24. HP: 127/140 MP: 28/39
 65435 | Vaults:5 | Received a gift from Okawaru
 65464 | Vaults:5 | Reached skill level 10 in Air Magic
 65483 | Vaults:5 | Received a gift from Okawaru
 65789 | Vaults:5 | Got a silver rune of Zot
 65954 | Vaults:5 | Noticed Xtahua
 66244 | Vaults:5 | Killed Xtahua
 66517 | Vaults:5 | Reached skill level 1 in Necromancy
 66894 | Vaults:5 | Got a serpentine platinum ring
 66908 | Vaults:5 | Identified the ring of Wysyxefi {*Drain rC+ MR+ AC+4 Int+3} (You found it on level 5 of the Vaults)
 67259 | Vaults:5 | Received a gift from Okawaru
 67781 | Vaults:5 | Reached XP level 25. HP: 122/147 MP: 39/39
 67866 | Vaults:5 | Got a fine glass ring
 67867 | Vaults:5 | Identified the ring of Woxkuf {rPois SInv} (You found it on level 5 of the Vaults)
 68539 | Slime:1  | Entered Level 1 of the Pits of Slime
 69050 | Slime:6  | Entered Level 6 of the Pits of Slime
 69102 | Slime:6  | Received a gift from Okawaru
 69149 | Slime:6  | Noticed the royal jelly
 69171 | Slime:6  | Killed the royal jelly
 70281 | Slime:6  | Got a glittering brass ring
 70283 | Slime:6  | Identified the ring of Ecuqompi {+/*Tele Slay+2} (You found it on level 6 of the Pits of Slime)
 70311 | Slime:6  | Learned a level 2 spell: Repel Missiles
 70325 | Slime:6  | Gained mutation: You are clumsy. (Dex -2) [a shining eye]
 70374 | Slime:6  | Identified Sif Muna's Catalogue of Shape Shifting and the Rocks (You found it on level 6 of the Pits of Slime)
 70435 | Slime:6  | Got a slimy rune of Zot
 70462 | Slime:6  | Gained mutation: You are partially covered in rough black scales (AC +4, Dex -1). [potion of mutation]
 70462 | Slime:6  | Gained mutation: You are very clumsy. (Dex -4) [potion of mutation]
 70462 | Slime:6  | Gained mutation: You have a somewhat thin skeletal structure (Dex +2, Stealth). [potion of mutation]
 70463 | Slime:6  | Gained mutation: You can spit poison. [potion of mutation]
 70463 | Slime:6  | Gained mutation: You have a pair of small antennae on your head. [potion of mutation]
 70464 | Slime:6  | Gained mutation: You can exhale a cloud of poison. [potion of mutation]
 70464 | Slime:6  | Gained mutation: You are weak. (Str -2) [potion of mutation]
 70464 | Slime:6  | Gained mutation: You are partially covered in iridescent scales (AC +4). [potion of mutation]
 70966 | Depths:5 | Entered Level 5 of the Depths
 71439 | Depths:5 | Noticed Noname's ghost (great DsGl)
 71526 | Depths:5 | Killed Noname's ghost
 71663 | Depths:5 | Found a gate to the Realm of Zot.
 71902 | Depths:5 | Found Gaseadai's Weapon Shop.
 71914 | Depths:5 | Noticed Krapule's ghost (great SpEn)
 72275 | Depths:5 | Received a gift from Okawaru
 72308 | Depths:5 | Got a tattered robe {god gift}
 72309 | Depths:5 | Identified the +1 robe "Cithiopnu" {*Drain +Fly rC++ Int+3} (Okawaru gifted it to you on level 5 of the Depths)
 73578 | Depths:1 | Voluntarily entered the Abyss.
 73728 | Abyss:1  | Found a sparkling altar of Nemelex Xobeh.
 73771 | Abyss:1  | Got a shimmering gold dragon armour
 73772 | Abyss:1  | Identified the +0 gold dragon armour "Eruv" {rPois rF+ rC+ rN+ Stlth+} (You acquired it on level 1 of the Abyss)
 74629 | Abyss:3  | Found a corrupted altar of Lugonu.
 74682 | Abyss:3  | Got a scorched silver ring
 74683 | Abyss:3  | Identified the ring "Qecraote" {rF+ rC+ Int+4 Dex+5} (You found it on level 3 of the Abyss)
 74746 | Abyss:3  | Gained mutation: You tend to lose your temper in combat. [a neqoxec]
 75136 | Abyss:3  | Gained mutation: You heal slowly when monsters are visible. [a neqoxec]
 75294 | Abyss:3  | Reached XP level 26. HP: 140/153 MP: 40/40
 75530 | Abyss:3  | Found a corrupted altar of Lugonu.
 75556 | Abyss:3  | Found a corrupted altar of Lugonu.
 75956 | Abyss:4  | Found a corrupted altar of Lugonu.
 76365 | Abyss:4  | Found a corrupted altar of Lugonu.
 76485 | Abyss:4  | Got an abyssal rune of Zot
 76872 | Abyss:4  | Found a corrupted altar of Lugonu.
 77182 | Depths:1 | Escaped the Abyss
 77268 | Zig:1    | Entered Level 1 of a ziggurat
 77299 | Zig:2    | Entered Level 2 of a ziggurat
 77479 | Zig:3    | Entered Level 3 of a ziggurat
 77531 | Zig:3    | Received a gift from Okawaru
 77588 | Zig:3    | Got a pitted rapier
 77589 | Zig:3    | Identified the +7 rapier of Desperation {flame, rN+ Str-3 Dex-3 SInv} (You found it on level 3 of a ziggurat)
 77754 | Zig:4    | Entered Level 4 of a ziggurat
 77795 | Zig:4    | Got a vibrating brass ring
 77803 | Zig:4    | Identified the ring of Dim Light {+/*Tele rPois rN+ MR+++ Int-3} (You found it on level 4 of a ziggurat)
 77908 | Zig:5    | Entered Level 5 of a ziggurat
 77921 | Zig:5    | Reached skill level 10 in Charms
 77953 | Zig:5    | Reached skill level 15 in Armour
 78027 | Zig:6    | Entered Level 6 of a ziggurat
 78198 | Zig:6    | Got a transparent buckler
 78209 | Zig:6    | Identified the +2 buckler "Koleun" {rPois Str+4 Dex-5 Slay+5} (You found it on level 6 of a ziggurat)
 78212 | Zig:7    | Entered Level 7 of a ziggurat
 78228 | Zig:7    | wvc: ded
 78230 | Zig:7    | ololoev: blink?
 78232 | Zig:7    | MordorOrchid: does silencework on FG?
 78232 | Zig:7    | Slain by an emperor scorpion

Vault maps used:
D:1:      elethiomel_arrival_infinity_welcomes_careful_drivers
D:2:      bloody_makhleb, lemuel_crystal_altar, tgw_xom,
          nicolae_overflow_hidden_temple, first_bread, minmay_fountain_box,
          minmay_misc_feat_enclosed, ashenzari_altar_1
D:3:      minmay_misc_feat_pillars, fedhas_altar_3
D:4:      minmay_temple_entry_junction, kennysheep_small_square, uniq_grinder
D:6:      minmay_crystal_water, cheibrodos_worm_habitat, uniq_prince_ribbit1
D:7:      nicolae_ru_awakened_eye, corexii_leaking_fountain, uniq_joseph,
          uniq_menkaure
D:8:      serial_shops, shop, kennysheep_crisscross
D:9:      lemuel_ice_statue, kennysheep_mini, uniq_erica
D:10:     due_lair_maze_entry_diamond, orc_0_dummy, uniq_fannar, uniq_maud
D:11:     boulder_corridor_run, basic_altar, hex_tiny, minmay_three_doors
D:12:     minivault_26, elves_outpost_lemuel
D:13:     grunt_vaults_entry_fortified, blue_anna_alchemist
D:14:     grunt_dithmenos_smoke_and_mirrors, lightli_elemental_guards
D:15:     gammafunk_depths_entry_grave, serial_shops,
          nicolae_shop_overgrown_old_shop, nrook_uturn, st_stairs_9, trog_wizard
Temple:   circular_temple_12
Lair:1:   infiniplex_staircase_pool_2, uniq_grum
Lair:2:   beast_lair_carwin_10
Lair:3:   minivault_24
Lair:4:   spider_nest_entry_webs, bh_autumn_forest_stairs
Lair:5:   infiniplex_staircase_pool, grunt_megastairs_4
Lair:6:   shoals_dummy_entry, nicolae_slime_entry_slimehenge, lab_entry_generic,
          uniq_nessos
Lair:7:   serial_bayou_lagoon_a, beast_lair_carwin_3
Lair:8:   evilmike_catoblepas_cave, dpeg_oklob_1
Shoals:2: nicolae_shoals_isolated_beach
Shoals:4: shoals_end_hangedman, shoals_ilsuiw_alternative
Spider:1: hangedman_spider_trapstep, uniq_donald, uniq_kirke, uniq_nikola,
          uniq_louise
Spider:4: spider_rune_water
Slime:4:  cheibrodos_slime_lost_civilization_7
Orc:1:    serial_shops, shop
Orc:2:    basic_altar, uniq_nergalle, uniq_urug, uniq_rupert
Orc:3:    serial_shops, nicolae_shop_window_shopping, nicolae_orc_pool_cavern,
          mines3_lemuel
Orc:4:    st_orc_open, uniq_josephine
Elf:1:    serial_shops, nicolae_shop_competitors_out_of_business,
          hangedman_elf_disciples, eino_tiny_chamber
Elf:2:    portal_ice_cave_entry_pillars_02
Elf:3:    grunt_elf_hall_branching
Vaults:1: nicolae_vaults_big_ls, vaults_room_corners, v_misc_19, v_misc_23,
          ontoclasm_vaults_ring_large, nicolae_vaults_branching_niches,
          v_misc_26, nicolae_vaults_ninety_degrees,
          vaults_room_grunt_arrival_checkpoint, ontoclasm_vaults_loading_screen
Vaults:2: hangedman_vaults_stretched_pinwheel, vaults_standard_mumra_x,
          nicolae_vaults_little_squares_6, hangedman_vaults_variations,
          v_alt_pattern_5, v_misc_9, vaults_standard_mumra_lines,
          dpeg_vaults_monster_row, dummy_crypt_entry, uniq_mara, uniq_mennas
Vaults:3: ontoclasm_vaults_echo, v_pattern_3, hangedman_vaults_stagger,
          ontoclasm_vaults_decontamination, ontoclasm_vaults_ring_large,
          nicolae_vaults_little_squares_6, v_misc_1, v_misc_9,
          vaults_room_stairs_pillars, nicolae_vaults_alarming
Vaults:4: nicolae_vaults_big_angled_halls, v_pattern_1, ontoclasm_vaults_bender,
          hangedman_vaults_impose, hangedman_vaults_hat, v_misc_9,
          nicolae_vaults_diagonal_hallway_7, ontoclasm_vaults_shuriken,
          nicolae_vaults_border_crossing, uniq_aizul, uniq_saint_roka,
          uniq_boris, uniq_wiglaf
Vaults:5: serial_shops, uniq_xtahua
Depths:1: abyss_entry, pf_hell_entry_tar_river, serial_shops, shop_statue,
          tgw_lugonu_bribe, uniq_sojobo
Depths:2: minmay_skeleton_keep, serial_sigils_hangedman_snap, pan_entry,
          hell_entry, minmay_staircase_windowed_large
Depths:3: evilmike_diamond_2, enter_ziggurat_e, nicolae_trove_entry_free_sample,
          hell_entry, pan_entry, special_room, minmay_statues_item,
          minmay_misc_feat_iff, hangedman_decor_peaks_small,
          kennysheep_inner_square
Depths:4: minmay_spiral_squares, minmay_holes, grunt_pan_entry_in_and_out,
          abyss_entry_crystal, mu_enter_wizlab_6, hell_entry,
          infiniplex_staircase_diamond
Depths:5: evilmike_zot_entry_basic, serial_shops, nicolae_shop_stone,
          hell_entry, abyss_entry, nrook_mini_backslash,
          kennysheep_random_hallway
Abyss:1:  hangedman_eye_storm
Abyss:2:  minivault_4
Abyss:4:  evilmike_abyss_rune_ettins
Lab:      labyrinth_mini_lab, lab_block, lab_fountain
IceCv:    ice_cave_small_demon
WizLab:   wizlab_demon

Action                   |  1- 3 |  4- 6 |  7- 9 | 10-12 | 13-15 | 16-18 | 19-21 | 22-24 | 25-27 || total
-------------------------+-------+-------+-------+-------+-------+-------+-------+-------+-------++-------
Melee: Short sword       |   134 |   294 |   566 |  1084 |       |       |       |       |       ||  2078
       Dagger            |       |       |       |    30 |       |       |       |       |       ||    30
       Rapier            |       |       |       |   444 |  2267 |  3183 |  3475 |  3311 |  2310 || 14990
 Fire: Blowgun           |       |       |       |       |    15 |       |       |       |       ||    15
Throw: Stone             |       |       |     1 |       |     7 |     1 |       |       |       ||     9
 Cast: Spectral Weapon   |       |       |       |       |     1 |     1 |       |     3 |     2 ||     7
       Shroud of Golubri |       |       |       |       |     1 |       |       |       |       ||     1
       Regeneration      |       |       |       |       |       |       |       |     3 |     6 ||     9
       Repel Missiles    |       |       |       |       |       |       |       |       |     5 ||     5
Invok: Heroism           |       |       |     5 |    15 |    12 |    12 |     9 |     5 |    10 ||    68
       Finesse           |       |       |       |     1 |       |     1 |       |     1 |     2 ||     5
 Abil: Breathe Poison Ga |       |       |       |       |       |       |       |       |     1 ||     1
Evoke: Wand              |     6 |    15 |    21 |     9 |    24 |    10 |     4 |     7 |     8 ||   104
       Rod               |       |       |       |       |       |     2 |       |       |       ||     2
       Phantom mirror    |       |       |       |       |       |       |       |     1 |     1 ||     2
       Deck              |       |       |       |       |       |       |       |       |     1 ||     1
  Use: Scroll            |       |    18 |    10 |     9 |    12 |    24 |     6 |    11 |    25 ||   115
       Potion            |       |       |     6 |     8 |     8 |    10 |     5 |     5 |    13 ||    55
 Stab: Sleeping          |     3 |     2 |    10 |    22 |    14 |     9 |       |       |       ||    60
       Distracted        |     1 |     3 |     1 |       |     6 |       |       |     2 |     1 ||    14
       Paralysed         |       |     1 |       |     1 |       |       |       |       |       ||     2
       Petrified         |       |       |       |       |     3 |       |       |       |       ||     3
       Invisible         |       |       |       |       |       |       |     1 |       |       ||     1
  Eat: Pizza             |       |     1 |       |     1 |     2 |       |     4 |     1 |     1 ||    10
       Royal jelly       |       |       |     1 |       |     1 |     1 |     2 |       |     3 ||     8
       Bread ration      |       |       |     1 |       |     2 |       |       |     2 |     2 ||     7
       Fruit             |       |       |       |     7 |     8 |    18 |    17 |     2 |     6 ||    58
